 Dungeon Crawl Stone Soup version 0.26-a0-712-ga5a9c9c9d0 (webtiles) character file.

Game seed: 18328075121240764755

2443 dickylongcocking the Tainter (level 9, -2/57 HPs)
             Began as a Formicid Venom Mage on Nov 2, 2020.
             Was a Believer of Hepliaklqana.
             Slain by a wyvern (12 damage)
             ... on level 8 of the Dungeon.
             The game lasted 00:10:45 (8755 turns).

dickylongcocking the Tainter (Formicid Venom Mage)  Turns: 8755, Time: 00:10:46

Health: -2/57      AC:  7    Str: 14    XL:     9   Next: 78%
Magic:  3/14       EV: 12    Int: 17    God:    Hepliaklqana [**....]
Gold:   259        SH:  0    Dex: 11    Spells: 4/15 levels left

rFire    . . .     SeeInvis +   G - +0 lajatang
rCold    + + .     Faith    .   (no shield)
rNeg     . . .     Spirit   .   j - +2 leather armour "Funoij" {rC++}
rPois    .         Reflect  .   (helmet unavailable)
rElec    .         Harm     .   (no cloak)
rCorr    .         Rampage  .   l - +0 pair of gloves
MR       .....                  (no boots)
Stlth    ++........             f - amulet of magic regeneration
HPRegen  0.19/turn              (no ring)
MPRegen  0.39/turn              (no ring)

@: radiating poison
A: permanent stasis, dig shafts and tunnels, four strong arms, reduced essence,
antennae 3
a: Dig, Shaft Self, Ancestor Life: Knight, Ancestor Life: Battlemage, Ancestor
Life: Hexer, Recall Ancestor, Ancestor Identity, Renounce Religion


You were on level 8 of the Dungeon.
You worshipped Hepliaklqana.
Hepliaklqana was pleased with you.
You visited 2 branches of the dungeon, and saw 9 of its levels.

You collected 439 gold pieces.
You spent 180 gold pieces at shops.

Inventory:

Hand Weapons
 h - a -1 short sword
 k - a +3 dagger of speed
 m - a +0 long sword
 p - a +0 hand axe
 y - a +0 quarterstaff
 G - a +0 lajatang (weapon)
Armour
 a - a +0 robe
 d - a +0 leather armour
 j - the +2 leather armour "Funoij" (worn) {rC++}
   (You found it on level 7 of the Dungeon)

   It greatly protects you from cold.
 l - a +0 pair of gloves (worn)
Magical Staves
 r - an uncursed staff of conjuration
Jewellery
 f - an amulet of magic regeneration (around neck)
 g - an uncursed amulet of the acrobat
 i - an uncursed amulet of reflection
 o - an uncursed amulet of faith
 u - an uncursed amulet of guardian spirit {unknown}
Wands
 A - a wand of random effects (17)
 C - a wand of digging (3)
 E - a wand of acid (8)
Scrolls
 s - a scroll of noise {unknown}
 v - 3 scrolls of amnesia
 B - a scroll of enchant armour
 D - 3 scrolls of teleportation {unknown}
 F - 2 scrolls of remove curse
 I - a scroll of magic mapping {unknown}
Potions
 b - 2 potions of degeneration
 c - a potion of cancellation
 e - a potion of flight
 n - 2 potions of berserk rage {unknown}
 q - a potion of resistance
 t - a potion of heal wounds {unknown}
 w - a potion of magic {unknown}
 x - 3 potions of might {unknown}
 z - a potion of brilliance {unknown}
 H - a potion of haste {unknown}


   Skills:
 * Level 3.4 Fighting
 * Level 3.1 Staves
 * Level 8.1 Armour
 - Level 1.9 Dodging
 - Level 2.4 Stealth
 - Level 3.5 Spellcasting
 - Level 3.0 Transmutations
 * Level 10.8 Poison Magic


You had 4 spell levels left.
You knew the following spells:

 Your Spells              Type           Power        Failure   Level
a - Sting                 Tmut/Pois      ####         1%          1
d - Olgreb's Toxic Radia  Pois           #####...     2%          4
i - Ignite Poison         Fire/Tmut/Pois ###.....     9%          3
x - Mephitic Cloud        Conj/Pois/Air  ###.....     14%         3

Your spell library contained the following spells:

 Spells                   Type           Power        Failure   Level
 Poisonous Vapours        Pois/Air       ###...       3%          2
 Corona                   Hex            #......      21%         1
 Ensorcelled Hibernation  Hex/Ice        #.....       30%         2
 Confusing Touch          Hex            #.......     52%         3
 Dazzling Flash           Conj/Hex       #.....       52%         3
 Tukima's Dance           Hex            #.......     52%         3


Dungeon Overview and Level Annotations

Branches:
Dungeon (8/15)             Temple (1/1) D:5
   Lair: D:8-11

Altars:
Ashenzari
Cheibriados
Dithmenos
Elyvilon
Fedhas
Gozag
Hepliaklqana
Kikubaaqudgha
Makhleb
Nemelex Xobeh
Okawaru
Qazlal
Ru
Sif Muna
Trog
Uskayaw
Vehumet
Wu Jian
Xom
Yredelemnul
Zin
The Shining One

Shops:
D:6 *


Innate Abilities, Weirdness & Mutations

You cannot be hasted, slowed, berserked, paralysed or teleported.
You can dig through walls and to a lower floor.
Your four strong arms can wield two-handed weapons with a shield.
You have a pair of large antennae on your head. (SInv)
Your life essence is reduced to manifest your ancestor. (-10% HP)


Message History

The wyvern bites you! The wyvern misses you. The wyvern bites you!
The wyvern bites you.
A worker ant comes into view.
The wyvern bites you!
* * * LOW HITPOINT WARNING * * *
Okay, then.
Okay, then.
The worker ant bites you but does no damage.
The worker ant bites you.
* * * LOW HITPOINT WARNING * * *
The wyvern closely misses you.
Casting: Olgreb's Toxic Radiance (dangerous; 2% risk of failure)
Confirm with . or Enter, or press ? or * to list all spells.
You begin to radiate toxic energy.
The wyvern looks even sicker.
The troll looks even sicker.
The worker ant is poisoned.
The wyvern looks even sicker.
The troll looks even sicker.
The worker ant looks even sicker.
The wyvern bites you!
You die...

#. #.# ### #.. #.
#.#..#.. ### +.
#.##...####### #.
#.####...)... ####.
#####(....†.)...
#....##...............
+.....T........#.#####
#...Bl#########..#
#....@# #.## #.....#
#.# #.....## #.#
##....<#######..#
#.............##
#.....######## #.....#
#.....# +.....#


You could see a troll (very poisoned), a wyvern (very poisoned) and a worker ant
(very poisoned).

Vanquished Creatures
  A manticore (D:8)
  Grinder (D:6)
  Duvessa (D:5)
  An orc warrior (D:7)
  3 sky beasts
  An ice beast (D:5)
  A phantom (D:4)
  A big kobold (D:8)
  A bullfrog (D:5)
  Dowan (D:5)
  2 wyvern zombies
  A howler monkey (D:4)
  A centaur zombie (D:5)
  2 bullfrog skeletons
  5 hounds
  3 orc wizards
  4 iguanas
  7 worker ants
  Robin (D:2)
  A gnoll (D:1)
  10 adders
  A white imp (D:7)
  An ooze (D:2)
  2 worms (D:3)
  3 dart slugs (D:1)
  4 leopard geckos
  13 orcs
  2 giant cockroaches
  17 goblins
  12 hobgoblins
  7 jackals
  7 kobolds
  2 quokkas (D:2)
  A ball python (D:4)
  9 bats
  7 frilled lizards
  4 rats
141 creatures vanquished.

Vanquished Creatures (collateral kills)
  A jelly (D:7)
  A shadow imp (D:6)
  An orc (D:7)
  2 jackals
  A quokka (D:8)
6 creatures vanquished.

Vanquished Creatures (others)
  A wizard (D:3)
  2 ancestors
3 creatures vanquished.

Grand Total: 150 creatures vanquished

Notes
Turn   | Place    | Note
-------+----------+-------------------------------------------
     0 | D:1      | dickylongcocking the Formicid Venom Mage began the quest
                  | for the Orb.
     0 | D:1      | Reached XP level 1. HP: 13/13 MP: 3/3
   256 | D:1      | Reached XP level 2. HP: 19/19 MP: 1/5
   439 | D:1      | Reached XP level 3. HP: 21/24 MP: 3/6
  1059 | D:2      | Noticed Robin
  1332 | D:2      | Reached XP level 4. HP: 30/30 MP: 5/8
  1388 | D:2      | Learned a level 4 spell: Olgreb's Toxic Radiance
  1444 | D:2      | Killed Robin
  1444 | D:2      | Reached skill level 5 in Poison Magic
  1983 | D:2      | Reached XP level 5. HP: 35/35 MP: 7/9
  2048 | D:3      | Reached skill level 1 in Armour
  2424 | D:2      | Learned a level 3 spell: Ignite Poison
  3873 | D:3      | Learned a level 3 spell: Mephitic Cloud
  3879 | D:3      | Reached skill level 6 in Poison Magic
  3879 | D:3      | Reached XP level 6. HP: 15/41 MP: 3/11
  4387 | D:3      | Found a bloodstained altar of Trog.
  4390 | D:3      | Noticed a wizard
  4395 | D:3      | Killed a wizard
  4881 | D:4      | Found a radiant altar of Vehumet.
  5026 | D:4      | Found a stormy altar of Qazlal.
  5030 | D:4      | Reached XP level 7. HP: 46/46 MP: 4/12
  5232 | D:4      | Reached skill level 7 in Poison Magic
  5542 | D:5      | Entered Level 5 of the Dungeon
  5721 | D:5      | Found a shimmering altar of Xom.
  5746 | D:5      | Found a staircase to the Ecumenical Temple.
  5767 | Temple   | Entered the Ecumenical Temple
  5937 | Temple   | Became a worshipper of Ru the Awakened
  5972 | Temple   | Fell from the grace of Ru
  5972 | Temple   | Became a worshipper of Hepliaklqana the Forgotten
  6196 | D:5      | Reached skill level 5 in Armour
  6196 | D:5      | Reached skill level 8 in Poison Magic
  6245 | D:5      | Noticed Duvessa
  6250 | D:5      | Noticed Dowan
  6256 | D:5      | Killed Duvessa
  6256 | D:5      | Reached XP level 8. HP: 38/46 MP: 2/13
  6256 | D:5      | Killed Dowan
  6355 | D:5      | Found a sparkling altar of Nemelex Xobeh.
  6375 | D:5      | Reached skill level 9 in Poison Magic
  6806 | D:6      | Found a hazy altar of Hepliaklqana.
  6907 | D:6      | Reached * piety under Hepliaklqana
  7187 | D:6      | Noticed Grinder
  7211 | D:6      | Killed Grinder
  7211 | D:6      | Reached XP level 9. HP: 35/51 MP: 11/14
  7384 | D:6      | Found Jututs's General Store.
  7388 | D:6      | Bought a +0 lajatang for 180 gold pieces
  7485 | D:7      | Reached skill level 10 in Poison Magic
  7514 | D:7      | Reached skill level 1 in Fighting
  7521 | D:7      | Found a burning altar of Makhleb.
  7594 | D:7      | Reached skill level 1 in Staves
  7931 | D:7      | Got an ichor-stained leather armour
  7941 | D:7      | Identified the +2 leather armour "Funoij" {rC++} (You found
                  | it on level 7 of the Dungeon)
  8080 | D:7      | Reached ** piety under Hepliaklqana
  8597 | D:7      | Found a faded altar of an unknown god.
  8597 | D:7      | Found a glowing silver altar of Zin.
  8602 | D:7      | Found an ornate altar of the Wu Jian Council.
  8604 | D:7      | Found an iron altar of Okawaru.
  8605 | D:7      | Found a sparkling altar of Nemelex Xobeh.
  8725 | D:8      | Noticed a manticore
  8728 | D:8      | Killed a manticore
  8728 | D:8      | Noticed a troll
  8755 | D:8      | Slain by a wyvern

Illustrated notes

Levels and vault maps discovered:
D:1:      dpeg_arrival_solitude, layout_loops_ring
D:2:      layout_basic, uniq_robin
D:3:      layout_basic, trog_wizard
D:4:      layout_basic, lemuel_crystal_altar, nicolae_qazlal_general_emergency
D:5:      layout_loops_ring, xom_butterflies, minmay_temple_entry_waves,
          basic_altar, uniq_duvessa
D:6:      layout_loops_cross, basic_altar, serial_shops, shop, uniq_grinder
D:7:      layout_basic, nicolae_overflow_crystal_walls,
          chequers_temple_overflow_minitemple, minmay_fractal_squares_5
D:8:      minmay_ornate_pinched, layout_gridville
Temple:   regret_index_temple_generic_petals

Skill      XL: |  1  2  3  4  5  6  7  8  9 |
---------------+----------------------------+-----
Transmutations | 2 3 |  3.0
Spellcasting   | 3 |  3.5
Poison Magic   | 5 6 8 9 10 | 10.8
Armour         | 2 3 5 7 8 |  8.1
Fighting       | 3 |  3.4
Staves         | 3 |  3.1
Dodging        | |  1.9
Stealth        | |  2.4

Action                   |  1- 3 |  4- 6 |  7- 9 || total
-------------------------+-------+-------+-------++-------
Melee: Unarmed           |     1 |       |       ||     1
       Short sword       |     2 |    41 |     2 ||    45
       Quarterstaff      |       |       |    26 ||    26
       Lajatang          |       |       |    36 ||    36
 Cast: Sting             |    58 |   109 |     7 ||   174
       Mephitic Cloud    |       |     2 |     2 ||     4
       Olgreb's Toxic Ra |       |     7 |    34 ||    41
       Ignite Poison     |       |     6 |    31 ||    37
Invok: Recall Ancestor   |       |       |     3 ||     3
Evoke: Wand              |       |       |     3 ||     3
  Use: Scroll            |     5 |     8 |     2 ||    15
       Potion            |       |     2 |     2 ||     4
 Stab: Sleeping          |       |     3 |     2 ||     5
Armor: Robe              |     2 |       |       ||     2
       Leather armour    |     8 |    41 |    26 ||    75
       Skin              |       |    13 |     8 ||    21
Dodge: Dodged            |    25 |   100 |    63 ||   188

Table legend: (Time is in decaauts)
 A = Elapsed time spent in this place.
 B = Non-inter-level travel time spent in this place.
 C = Inter-level travel time spent in this place.
 D = Time resting spent in this place.
 E = Time spent auto-exploring this place.
 F = Levels seen in this place.
 G = Mean time per level.
                   A        B        C        D        E       F      G
               +--------+--------+--------+--------+--------+-----+--------+
         Total |   8782 |   8360 |    422 |   2071 |   4922 |   9 |  975.8 |
       Dungeon |   8536 |   8154 |    382 |   2071 |   4744 |   8 | 1067.0 |
        Temple |    246 |    206 |     40 |      0 |    178 |   1 |  246.0 |
               +--------+--------+--------+--------+--------+-----+--------+

Top non-repeatable levels by time:
     D:2: 2415 daAuts
     D:3: 1295 daAuts
     D:7: 1227 daAuts
     D:1: 1114 daAuts
     D:5: 924 daAuts
     D:6: 746 daAuts
     D:4: 730 daAuts
  Temple: 246 daAuts
     D:8: 82 daAuts
